 Dungeon Crawl Stone Soup version 0.31.0-9-g3a7656b989 (webtiles) character file.

Game seed: 15506450779088462661

70 qw the Shooter (level 4, 0/25 HPs)
             Began as a Deep Elf Hunter on Feb 2, 2024.
             Was an Initiate of Okawaru.
             Incinerated by a bombardier beetle (5 damage)
             ... with a burning spray
             ... on level 3 of the Dungeon.
             The game lasted 00:00:06 (1224 turns).

qw the Shooter (Deep Elf Hunter)                    Turns: 1224, Time: 00:00:07

Health: 0/25       AC: 11    Str: 10    XL:     4   Next: 4%
Magic:  6/6        EV: 11    Int: 14    God:    Okawaru [......]
Gold:   29         SH:  0    Dex: 18    Spells: 3/3 levels left

rFire   . . .        a - +0 shortbow
rCold   . . .        (shield currently unavailable)
rNeg    . . .        j - +3 ring mail
rPois   .            e - +0 helmet
rElec   .            (no cloak)
rCorr   .            b - +1 pair of gloves
SInv    .            (no boots)
Will    .....        (no amulet)
Stlth   +            (no ring)
HPRegen 0.24/turn    (no ring)
MPRegen 0.10/turn

%: no passive effects
@: on fire, about to teleport, glowing
A: no striking features
a: Renounce Religion


You were on level 3 of the Dungeon.
You worshipped Okawaru.
Okawaru was noncommittal.
You visited 1 branch of the dungeon, and saw 3 of its levels.

You collected 144 gold pieces.
You spent 115 gold pieces at shops.


   Skills:
 - Level 1.5 Fighting
 + Level 7.4 Ranged Weapons
 - Level 2.4 Dodging
 - Level 1.2 Stealth


You had 3 spell levels left.
You didn't know any spells.
Your spell library was empty.

Inventory:

Hand Weapons
 a - a +0 shortbow (weapon)
Armour
 b - a +1 pair of gloves (worn)
 e - a +0 helmet (worn)
 g - a +2 cloak
 j - a +3 ring mail (worn)
Scrolls
 d - a scroll of teleportation
 f - a scroll of immolation {unknown}
Potions
 c - a potion of heal wounds {unknown}
 i - 2 potions of curing {unknown}
 l - a potion of degeneration {unknown}

Dungeon Overview and Level Annotations

Branches:
Dungeon (3/15)

Altars:
Okawaru

Shops:
D:2 [   D:3 (:(?


Message History

You kill the bat!
Okawaru accepts your kill.
There is an open door here.
Things that are here:
a +0 club; a goblin corpse You now have 29 gold pieces (gained 13).
There is an open door here.
Things that are here:
a +0 club; a goblin corpse
Found 4 stones.
There is an entrance to Fafital's Antique Weapon Shop here.
You see here a staff of alchemy.
A bombardier beetle comes into view.
You shoot an arrow. The arrow hits the bombardier beetle.
The bombardier beetle is lightly wounded.
You shoot an arrow.
The arrow hits the bombardier beetle but does no damage.
The bombardier beetle is lightly wounded.
The bombardier beetle sprays incendiary fluid at you.
The burning spray hits you.
You are covered in liquid fire!
You shoot an arrow. The arrow hits the bombardier beetle.
The bombardier beetle is lightly wounded.
The liquid fire burns you!
The bombardier beetle sprays incendiary fluid at you.
The burning spray misses you.
You shoot an arrow.
The arrow barely misses the bombardier beetle.
The liquid fire burns you!
You shoot an arrow. The arrow hits the bombardier beetle.
The bombardier beetle is moderately wounded.
The liquid fire burns you!
You shoot an arrow.
The arrow closely misses the bombardier beetle.
The liquid fire burns you!
1224 ||| READING 2 scrolls of teleportation.
As you read the scroll of teleportation, it crumbles to dust.
You feel strangely unstable. The liquid fire burns you!
You die...

######
#....#
#.|..#
#\...#
#....####
#...@#...
#.....
#......##
#.....
#....#.B..
###.....
#.....(####
.......
##...##+#
#......
#..###
#....
#.##.# #...
#.)..# +...
#.##.#
##...


You could see a bombardier beetle.

Vanquished Creatures
  2 adders (D:3)
  2 dart slugs
  8 endoplasms
  A giant cockroach (D:1)
  3 goblins
  3 hobgoblins
  2 jackals (D:1)
  4 kobolds
  A quokka (D:2)
  5 ball pythons
  7 bats
  2 frilled lizards
  8 rats
48 creatures vanquished.

Notes
Turn   | Place    | Note
-------+----------+-------------------------------------------
     0 | D:1      | qw the Deep Elf Hunter began the quest for the Orb.
     0 | D:1      | Reached XP level 1. HP: 12/12 MP: 3/3
     0 | D:1      | 0 ||| qw: Version: 0.3-a-155-g5e7d8dd
     0 | D:1      | 0 ||| qw: Game counter: 919
     0 | D:1      | 0 ||| qw: Melee chars always use a shield: true
     0 | D:1      | 0 ||| qw: God list: Okawaru
     0 | D:1      | 0 ||| qw: Allow faded altars: false
     0 | D:1      | 0 ||| qw: Do Orc after clearing Dungeon:15 true
     0 | D:1      | 0 ||| qw: Do second Lair branch before Depths: true
     0 | D:1      | 0 ||| qw: Lair rune preference: random
     0 | D:1      | 0 ||| qw: Goals: Normal
     0 | D:1      | 0 ||| PLANNING D:1-11
   132 | D:1      | Reached XP level 2. HP: 16/16 MP: 4/4
   133 | D:1      | Reached skill level 6 in Ranged Weapons
   324 | D:1      | 324 ||| UPGRADING to +0 scale mail.
   334 | D:1      | 334 ||| DROPPING +0 leather armour.
   335 | D:1      | 335 ||| UPGRADING to +0 ring mail.
   345 | D:1      | 345 ||| DROPPING +0 scale mail.
   346 | D:1      | 346 ||| READING scroll labelled NENLEE FASTIK.
   347 | D:1      | 347 ||| READING scroll labelled AGAJ KOCVOCO.
   348 | D:1      | 348 ||| READING 3 scrolls labelled JOLEBRALOMP.
   348 | D:1      | 348 ||| ENCHANTING +0 ring mail.
   349 | D:1      | 349 ||| READING 2 scrolls of enchant armour.
   349 | D:1      | 349 ||| ENCHANTING +1 ring mail.
   350 | D:1      | 350 ||| READING scroll of enchant armour.
   350 | D:1      | 350 ||| ENCHANTING +2 ring mail.
   351 | D:1      | 351 ||| DRINKING 2 fuming ruby potions.
   352 | D:1      | 352 ||| DROPPING scroll of butterflies.
   353 | D:1      | 353 ||| DROPPING potion of attraction.
   380 | D:2      | Found Ympuzef's Armour Emporium.
   384 | D:2      | 384 ||| STAIRDANCE
   400 | D:2      | 400 ||| STAIRDANCE
   431 | D:2      | 431 ||| BUYING +0 pair of gloves (45 gold).
   431 | D:2      | Bought a +0 pair of gloves for 45 gold pieces
   431 | D:2      | 431 ||| SHOPLISTING +2 helmet of see invisible (215 gold,
                  | have 52).
   431 | D:2      | 431 ||| SHOPLISTING +2 leather armour of fire resistance
                  | (190 gold, have 52).
   431 | D:2      | 431 ||| SHOPLISTING +3 pair of gauntlets of War {Slay+5}
                  | (475 gold, have 52).
   514 | D:2      | Reached XP level 3. HP: 20/20 MP: 5/5
   906 | D:2      | 906 ||| UPGRADING to +0 pair of gloves.
   911 | D:2      | 911 ||| UPGRADING to +0 helmet.
   916 | D:2      | 916 ||| DROPPING +6 ring of intelligence.
   917 | D:2      | 917 ||| READING scroll labelled REFUITH ATISHRY.
  1018 | D:2      | 1018 ||| READING 2 scrolls labelled VUOPUFIRYI.
  1022 | D:2      | 1022 ||| READING scroll labelled NAMPEO OGHOA.
  1023 | D:2      | 1023 ||| DRINKING 4 inky potions.
  1024 | D:2      | 1024 ||| DROPPING 3 potions of brilliance.
  1027 | D:3      | Found Mastuziur's Magic Scroll Emporium.
  1036 | D:3      | Found Farag's Weapon Shop.
  1037 | D:3      | 1037 ||| BUYING scroll of identify (28 gold).
  1037 | D:3      | Bought a scroll of identify for 28 gold pieces
  1037 | D:3      | 1037 ||| BUYING scroll of teleportation (42 gold).
  1037 | D:3      | Bought a scroll of teleportation for 42 gold pieces
  1037 | D:3      | 1037 ||| SHOPLISTING scroll of teleportation (42 gold, have
                  | 16).
  1072 | D:3      | Reached skill level 7 in Ranged Weapons
  1074 | D:3      | Found an iron altar of Okawaru.
  1075 | D:3      | 1075 ||| PLANNING OKAWARU WORSHIP
  1075 | D:3      | 1075 ||| READING scroll of identify.
  1075 | D:3      | 1075 ||| IDENTIFYING murky grey potion
  1076 | D:3      | 1076 ||| DROPPING potion of ambrosia.
  1091 | D:3      | Became a worshipper of Warmaster Okawaru
  1092 | D:3      | 1092 ||| PLANNING D:1-11
  1128 | D:3      | Found a faded altar of an unknown god.
  1134 | D:3      | Reached XP level 4. HP: 25/25 MP: 6/6
  1137 | D:3      | Found Anyamam's Book Shoppe.
  1178 | D:3      | 1178 ||| READING scroll of enchant armour.
  1178 | D:3      | 1178 ||| ENCHANTING +0 pair of gloves.
  1206 | D:3      | Found Fafital's Antique Weapon Shop.
  1223 | D:3      | HP: 5/25 [burnt (8)]
  1224 | D:3      | 1224 ||| READING 2 scrolls of teleportation.
  1224 | D:3      | Incinerated by a bombardier beetle

Levels and vault maps discovered:
D:1:      dpeg_arrival_rooms_b, layout_rooms
D:2:      layout_rooms, serial_shops, shop
D:3:      layout_rooms, overflow_temple_1_default,
          mainiacjoe_overflow_concentric_impassable, serial_shops, shop, shop,
          shop, shop, nicolae_shop_competitors_out_of_business,
          hellmonk_ecumenical_altar_lost_god, minmay_divided_ellipse

Skill      XL: |  1  2  3 |
---------------+----------+-----
Ranged Weapons | 6 7 |  7.4
Fighting       | |  1.5
Dodging        | |  2.4
Stealth        | |  1.2

Action                     |  1- 3 |  4- 6 || total
---------------------------+-------+-------++-------
   Fire: Shortbow          |    99 |    10 ||   109
    Use: Scroll            |     9 |     2 ||    11
         Potion            |     2 |       ||     2
 Armour: Ring mail         |    17 |     2 ||    19
  Dodge: Dodged            |    26 |     6 ||    32

Table legend:
 A = Non-vault XP
 B = Vault XP
 C = Vault XP percentage of total XP
 D = Non-vault monster count
 E = Vault monster count
 F = Vault count percentage of total count
                 A         B        C        D         E       F
            +---------+---------+-------+---------+---------+-------
      Total |      98 |       3 |   3.0 |      46 |       2 |   4.2
            +---------+---------+-------+---------+---------+-------
        D:1 |      27 |       0 |   0.0 |      19 |       0 |   0.0
        D:2 |      32 |       0 |   0.0 |      18 |       0 |   0.0
        D:3 |      39 |       3 |   7.1 |       9 |       2 |  18.2
            +---------+---------+-------+---------+---------+-------
